 Dungeon Crawl Stone Soup version 0.23.2-1-ga50397a6bc (webtiles) character file.

Game seed: 6382812783900395574

558 Freyura the Cudgeler (level 7, -2/61 HPs)
             Began as a Minotaur Fighter on May 8, 2019.
             Was an Initiate of the Shining One.
             Killed by Freeze
             ... invoked by brittlin's ghost
              (12 damage)
             ... on level 5 of the Dungeon.
             The game lasted 00:10:34 (3830 turns).

Freyura the Cudgeler (Minotaur Fighter)             Turns: 3830, Time: 00:10:35

Health: -2/61      AC:  4    Str: 28    XL:     7   Next: 9%
Magic:  6/6        EV: 16    Int:  5    God:    the Shining One [......]
Gold:   172        SH: 12    Dex: 17    Spells: 6/6 levels left

rFire    . . .     SeeInvis .   a - +0 flail
rCold    . . .     Gourm    .   c - +1 shield
rNeg     . . .     Faith    .   u - +1 leather armour {rPois}
rPois    +         Spirit   .   (helmet restricted)
rElec    .         Reflect  .   (no cloak)
rCorr    +         Harm     .   (no gloves)
MR       .....                  (no boots)
Stlth    +.........             b - amulet of regeneration
HPRegen  0.60/turn              h - ring of resist corrosion
MPRegen  0.10/turn              p - +3 ring of strength

@: mighty, agile, glowing
A: retaliatory headbutt, horns 2
a: Renounce Religion


You were on level 5 of the Dungeon.
You worshipped the Shining One.
The Shining One was noncommittal.
You were not hungry.

You visited 1 branch of the dungeon, and saw 5 of its levels.

You collected 172 gold pieces.

Inventory:

Hand Weapons
 a - a +0 flail (weapon)
 s - a +0 morningstar
Armour
 c - a +1 shield (worn)
 u - a +1 leather armour of poison resistance (worn)
Jewellery
 b - an amulet of regeneration (around neck)
 h - a ring of resist corrosion (left hand)
 p - a +3 ring of strength (right hand)
 q - an uncursed ring of protection from fire
 r - an uncursed ring of magical power
Scrolls
 g - 3 scrolls of remove curse
 i - a scroll of teleportation
 j - a scroll of enchant armour
 l - a scroll of amnesia {unknown}
 m - a scroll of identify
Potions
 d - 5 potions of might
 e - a potion of invisibility {unknown}
 o - 2 potions of curing {unknown}
 t - a potion of cancellation {unknown}
Comestibles
 f - 10 rations


   Skills:
 + Level 5.1 Fighting
 * Level 5.7 Maces & Flails
 + Level 5.1 Armour
 + Level 3.0 Dodging
 + Level 5.1 Shields
 + Level 0.6 Invocations


You had 6 spell levels left.
You didn't know any spells.
Your spell library was empty.

Dungeon Overview and Level Annotations

Branches:
Dungeon (5/15)             Temple (0/1) D:5

Altars:
Wu Jian
The Shining One

Annotations:
D:5 exclusion: oklob sapling, brittlin's ghost, novice DrIE


Innate Abilities, Weirdness & Mutations

You reflexively headbutt those who attack you in melee.
You have a pair of horns on your head.


Message History

Brittlin's ghost is severely damaged.
You block brittlin's ghost's attack.
You closely miss brittlin's ghost.
Brittlin's ghost is severely damaged.
You block brittlin's ghost's attack.
You feel agile all of a sudden. Brittlin's ghost hits you.
You feel very mighty all of a sudden.
Brittlin's ghost points at you and mumbles some strange words.
You are frozen.
* * * LOW HITPOINT WARNING * * *
You thump brittlin's ghost!
Brittlin's ghost is almost destroyed.
Brittlin's ghost hits you.
* * * LOW HITPOINT WARNING * * *
You barely miss brittlin's ghost.
Brittlin's ghost is almost destroyed.
Brittlin's ghost casts a spell at you.
You are frozen.
You die...

..## #.## #.### ##.. ...## #..###
## #.#.## ##...
<...###..##.##≈######....####....
....'....###..≈#.........>..+..>.
....###..#...≈.#.#.##....####....
...## #.###..#≈'...##.#..# ##...
..## #.##.?≈.≈'...##.##.# ##..
.## #..##..8≈#W#.##.##.# ##. ##
#####.#≈.#@#.##.##.######## #
##..####.##.##......# # #####
#### #.......####.# # ....# #.#
####.##.# #.### ###.# #.#
#.##.####.##. ###.# #.#
#............ ....#######.#
####.####.#.. ##..........#
#......#.# ....#########
########.#


You could see brittlin's ghost.

Vanquished Creatures
  Menkaure (D:5)
  A centaur (D:5)
  A scorpion (D:4)
  A crimson imp (D:5)
  2 hounds
  An iguana (D:5)
  2 worker ants (D:4)
  A hound skeleton (D:4)
  A gnoll (D:1)
  5 adders
  2 worms
  A dart slug (D:1)
  5 leopard geckos
  2 orcs (D:3)
  5 bats
  6 giant cockroaches
  7 goblins
  4 hobgoblins
  3 quokkas
  A ball python (D:2)
  5 frilled lizards
  3 kobolds
  A leopard gecko skeleton (D:5)
  A quokka skeleton (D:4)
  7 rats
69 creatures vanquished.

Notes
Turn   | Place    | Note
-------+----------+-------------------------------------------
     0 | D:1      | Freyura the Minotaur Fighter began the quest for the Orb.
     0 | D:1      | Reached XP level 1. HP: 19/19 MP: 0/0
   295 | D:1      | Reached XP level 2. HP: 27/27 MP: 1/1
   413 | D:1      | Reached XP level 3. HP: 25/33 MP: 2/2
   460 | D:1      | Reached skill level 1 in Dodging
  1087 | D:2      | Reached XP level 4. HP: 39/40 MP: 3/3
  1821 | D:3      | Found an ornate altar of the Wu Jian Council.
  2036 | D:3      | Reached XP level 5. HP: 37/47 MP: 4/4
  2897 | D:5      | Entered Level 5 of the Dungeon
  2914 | D:5      | Noticed Menkaure
  2920 | D:5      | Killed Menkaure
  2920 | D:5      | Reached skill level 5 in Maces & Flails
  2920 | D:5      | Reached XP level 6. HP: 33/55 MP: 5/5
  3023 | D:5      | Found a glowing golden altar of the Shining One.
  3030 | D:5      | Became a worshipper of the Shining One
  3117 | D:5      | Found a staircase to the Ecumenical Temple.
  3165 | D:5      | Reached skill level 5 in Fighting
  3257 | D:5      | Reached skill level 5 in Armour
  3257 | D:5      | Reached skill level 5 in Shields
  3257 | D:5      | Reached XP level 7. HP: 61/61 MP: 6/6
  3445 | D:5      | Found a large runed translucent door.
  3449 | D:5      | Found a large runed translucent door.
  3449 | D:5      | Noticed brittlin's ghost (novice DrIE)
  3830 | D:5      | Killed from afar by brittlin's ghost

Skill      XL: |  1  2  3  4  5  6  7 |
---------------+----------------------+-----
Maces & Flails | 3 4 5 |  5.7
Dodging        | 1 2 3 |  3.0
Armour         | 4 5 |  5.1
Fighting       | 4 5 |  5.1
Shields        | 4 5 |  5.1
Invocations    | |  0.6

Action                   |  1- 3 |  4- 6 |  7- 9 || total
-------------------------+-------+-------+-------++-------
Melee: Flail             |    83 |    90 |    24 ||   197
       Headbutt          |    14 |    22 |     5 ||    41
  Use: Scroll            |     3 |     7 |       ||    10
       Potion            |       |       |     2 ||     2
  Eat: Chunk             |       |     3 |       ||     3
       Ration            |       |     2 |       ||     2
Armor: Scale mail        |    32 |    21 |       ||    53
       Leather armour    |       |     2 |     4 ||     6
Dodge: Dodged            |    19 |    23 |     4 ||    46
Block: Shield            |    33 |    47 |    10 ||    90
